Map: Ulrena

Players

ßlackKniGhT

  • Race: Zerg Zerg
  • League: Master

Miszu - Winner!

  • Race: Terran Terran
  • League: Master

VOD

Have the link to the VOD?

Description

Time

  • Played on: April 11, 2016, 2:48 p.m.
  • Length: 9:35
Show
View Real Time Build Order
Export as new Build Order

ßlackKniGhT Zerg 

Build Orders: Hatch First 

Get SALT Encoding   

  12  0:00  Drone  
  13  0:08  Drone  
  14  0:17  Overlord  
  14  0:27  Extractor  
  14  0:28  Extractor, Drone  
  13  0:30  Drone  
  16  0:36  Drone  
  17  0:53  Hatchery  
  16  0:58  Drone  
  16  1:00  Drone  
  18  1:11  Extractor  
  18  1:15  Spawning Pool  
  18  1:17  Drone  
  17  1:22  Drone  
  18  1:31  Drone  
  19  1:40  Drone  
  20  1:49  Overlord  
  20  2:03  Queen  
  20  2:06  Zergling x2  
  20  2:07  Zergling x2  
  26  2:20  Spore Crawler  
  26  2:21  Drone  
  26  2:22  Drone x2  
  28  2:26  Metabolic Boost  
  27  2:32  Queen  
  27  2:34  Drone  
  27  2:35  Drone  
  29  2:41  Queen  
  29  2:44  Drone x2  
  33  2:59  Hatchery  
  33  3:03  Drone  
  33  3:04  Drone x2  
  35  3:14  Overlord  
  35  3:15  Overlord  
  35  3:26  Roach Warren, Drone  
  34  3:47  Drone x8  
  42  3:52  Drone  
  42  3:55  Extractor  
  42  3:56  Extractor  
  42  3:59  Drone x3  
  44  4:03  Queen  
  44  4:04  Overlord  
  46  4:10  Spore Crawler  
  47  4:26  Roach x5  
  47  4:28  Drone  
  47  4:30  Drone  
  59  4:34  Drone x2  
  61  4:40  Roach x3  
  65  4:46  Overlord  
  65  4:47  Overlord  
  65  5:04  Overlord  
  63  5:16  Drone x3  
  66  5:21  Roach  
  66  5:22  Roach x5  
  78  5:29  Overlord  
  78  5:37  Zergling x22  
  78  5:39  Overlord  
  89  5:44  Overlord  
  89  5:47  Overlord  
  90  5:50  Ravager x7  
  90  5:56  Overlord  
  96  6:03  Zergling x2  
  96  6:04  Zergling x8  
  101  6:06  Overlord  
  101  6:10  Zergling x2  
  101  6:11  Zergling x4  
  91  6:25  Zergling x14  
  88  6:27  Ravager  
  88  6:28  Ravager  
  68  6:41  Roach  
  68  6:42  Roach x6  
  82  6:51  Roach x3  
  82  6:52  Roach  
  90  7:06  Ravager x2  
  92  7:18  Ravager  
  92  7:19  Ravager  
  92  7:20  Zergling x24  
  80  7:45  Zergling x24  
  69  7:57  Zergling x2  
  69  7:58  Zergling x10  
  69  8:05  Roach  
  69  8:06  Roach  
  69  8:08  Roach  
  73  8:16  Roach x2  
  77  8:22  Roach x3  
  83  8:27  Roach  
  83  8:28  Roach x7  
  99  8:38  Roach x4  
  107  8:48  Ravager  
  107  8:49  Ravager x2  
  107  8:55  Overlord  
  110  8:56  Zergling x2  
  110  8:57  Zergling x4  
  110  8:58  Overlord  
  110  8:59  Overlord x2  
Show
View Real Time Build Order
Export as new Build Order

Miszu Terran - Winner!

Build Orders: Liberator Opening, Reaper Expand, MMM Bio 

Get SALT Encoding   

  12  0:00  SCV  
  13  0:13  SCV  
  14  0:18  Supply Depot  
  14  0:25  SCV  
  15  0:39  SCV  
  15  0:40  Barracks  
  16  0:44  Refinery  
  16  0:51  SCV  
  17  1:03  SCV  
  18  1:16  SCV  
  19  1:28  Reaper, Orbital Command  
  20  1:41  Command Center  
  20  1:50  Supply Depot  
  20  1:54  SCV  
  20  2:00  Marine  
  22  2:07  Factory  
  22  2:10  SCV  
  23  2:22  SCV  
  24  2:27  Barracks Reactor  
  24  2:34  SCV  
  25  2:46  SCV  
  26  2:53  Refinery  
  26  2:54  Orbital Command  
  26  2:58  SCV  
  26  2:59  Starport  
  27  3:07  Marine x2  
  27  3:08  Factory Tech Lab  
  27  3:10  SCV  
  30  3:22  SCV x2  
  30  3:25  Marine x2  
  34  3:29  Liberator  
  34  3:34  SCV  
  34  3:35  SCV  
  34  3:38  Supply Depot  
  36  3:46  SCV  
  36  3:47  SCV  
  41  3:54  Bunker  
  40  3:58  Command Center, SCV  
  40  3:59  SCV  
  42  4:03  Marine  
  42  4:04  Supply Depot, Marine  
  44  4:10  SCV  
  44  4:11  Siege Tank, SCV  
  49  4:21  Marine  
  49  4:22  Liberator  
  49  4:23  SCV x2  
  52  4:29  Supply Depot  
  52  4:34  Barracks  
  52  4:35  Barracks, SCV x2  
  57  4:47  SCV x2  
  59  4:53  Siege Tank  
  59  4:59  SCV x2  
  64  5:02  Engineering Bay  
  64  5:03  Engineering Bay  
  64  5:11  Supply Depot, Refinery x2, SCV x2  
  67  5:18  Orbital Command  
  67  5:21  Marine x2  
  67  5:23  SCV x2  
  67  5:27  Barracks Tech Lab x2  
  70  5:29  Terran Infantry Weapons Level 1  
  70  5:35  SCV  
  71  5:36  Supply Depot  
  71  5:38  Marine, Terran Infantry Armor Level 1  
  72  5:44  Marine  
  72  5:46  Marine  
  72  5:47  Marine  
  72  5:48  Stimpack  
  75  5:55  SCV x2  
  75  5:56  Marine, Barracks x2  
  76  6:01  Starport Reactor  
  76  6:02  Marine  
  76  6:04  Marine x2, Siege Tank  
  79  6:07  SCV  
  79  6:09  Orbital Command  
  82  6:12  Combat Shields  
  69  6:25  Marine  
  69  6:26  Marine x3  
  70  6:43  Marine  
  70  6:44  Marine x3  
  70  6:45  SCV  
  70  6:46  SCV  
  76  6:47  Medivac  
  76  6:51  SCV  
  79  6:55  Barracks Reactor  
  79  6:56  Barracks Reactor  
  79  6:58  SCV  
  79  6:59  SCV  
  81  7:01  Marine  
  81  7:02  Marine x3  
  81  7:05  Medivac  
  81  7:07  SCV  
  88  7:12  Armory  
  88  7:17  Siege Tank  
  88  7:18  SCV  
  88  7:19  Marine x3, SCV  
  88  7:20  Marine, SCV  
  98  7:28  Medivac  
  100  7:30  SCV  
  101  7:38  SCV  
  101  7:40  Marine x3  
  97  7:48  Marine  
  97  7:49  Marine x2  
  91  7:55  Marine x2  
  91  7:56  Medivac, Siege Tank  
  91  7:57  Marine, SCV  
  91  7:58  Marine x2, SCV  
  100  8:03  Barracks  
  100  8:04  Barracks  
  100  8:05  Barracks  
  101  8:21  Supply Depot  
  101  8:24  Supply Depot  
  101  8:27  Marine x7  
  101  8:28  Marine, Medivac x2, SCV  
  101  8:32  Refinery  
  101  8:34  Refinery  
  114  8:36  Supply Depot  
  114  8:39  Bunker  
  114  8:45  Marine x7  
  114  8:46  Marine  
  122  8:49  Siege Tank  
  122  8:51  Marine  
  122  8:53  Marine x2  
  128  9:03  Marine x8  
  128  9:08  Supply Depot  
  128  9:09  Marine  
  137  9:11  Marine x2  
Tags
 
Add a new tag
Caveats
  • Supply blocks, unpowered buildings, or Contaminate may cause inaccurate times.
  • Supply counts are checked every 10 seconds.